Map: Blueshift LE

Players

Probe

  • Race: Protoss Protoss
  • Spawn Location: 7:00

Zanster - Winner!

  • Race: Zerg Zerg
  • Spawn Location: 1:00

Event: WCS Montreal 2018

VOD

Have the link to the VOD?

Description

Time

  • Played on: Sept. 7, 2018, 6:50 p.m.
  • Length: 3:57

All games in this series

Show
View Real Time Build Order
Export as new Build Order

Probe Protoss 

Build Orders: 1 Gate Expand, Oracle Opening 

Get SALT Encoding   

  12  0:00  Probe  
  13  0:12  Probe  
  14  0:19  Pylon  
  14  0:25  Probe  
  15  0:35  Probe  
  15  0:37  Gateway  
  16  0:43  Probe  
  17  0:53  Probe  
  17  0:54  Assimilator  
  18  1:05  Probe  
  19  1:17  Probe  
  20  1:27  Nexus  
  20  1:41  Cybernetics Core  
  20  1:42  Probe  
  20  1:46  Assimilator  
  21  1:51  Pylon  
  21  1:54  Probe  
  22  2:04  Probe  
  22  2:08  Adept  
  23  2:12  Probe  
  23  2:20  Probe  
  26  2:25  Stargate  
  27  2:32  Probe  
  27  2:34  Adept  
  30  2:38  Probe  
  31  2:44  Probe  
  31  2:46  Probe  
  33  2:55  Probe  
  33  2:56  Probe  
  35  3:01  Adept  
  37  3:09  Oracle  
  37  3:27  Probe x2  
  32  3:29  Pylon  
  32  3:32  Gateway  
  28  3:34  Pylon  
  28  3:39  Probe  
  29  3:53  Pylon  
Show
View Real Time Build Order
Export as new Build Order

Zanster Zerg - Winner!

Build Orders: Hatch First 

Get SALT Encoding   

  12  0:00  Drone  
  13  0:13  Overlord  
  13  0:17  Drone  
  14  0:31  Drone x2  
  16  0:47  Hatchery  
  15  0:51  Drone  
  15  0:55  Drone  
  17  0:58  Drone  
  18  1:05  Extractor  
  17  1:14  Spawning Pool  
  17  1:18  Drone  
  17  1:20  Drone  
  18  1:28  Drone  
  19  1:40  Drone  
  20  1:50  Overlord  
  20  2:00  Queen x2  
  24  2:01  Zergling x2  
  24  2:02  Zergling x2  
  24  2:08  Metabolic Boost  
  26  2:12  Zergling x2  
  26  2:13  Zergling x2  
  28  2:23  Zergling x2  
  28  2:24  Zergling x2  
  30  2:36  Hatchery  
  29  2:46  Zergling x4  
  29  2:48  Zergling x4  
  33  2:54  Overlord  
  33  3:00  Zergling x2  
  34  3:10  Zergling x4  
  35  3:19  Zergling x2  
  36  3:20  Zergling x8  
  38  3:28  Zergling x6  
  38  3:33  Zergling x2  
  41  3:36  Overlord  
Tags
 
Add a new tag
Caveats
  • Supply blocks, unpowered buildings, or Contaminate may cause inaccurate times.
  • Supply counts are checked every 10 seconds.